 Dungeon Crawl Stone Soup version 0.26.1-11-gd32895ea62 (webtiles) character file.

Game seed: 15165743261554457411

123 Zeld the Twirler (level 5, -8/34 HPs)
             Began as an Octopode Gladiator on May 20, 2021.
             Killed from afar by Ijyb (17 damage)
             ... with a bolt of acid
             ... on level 4 of the Dungeon.
             The game lasted 00:02:31 (4337 turns).

Zeld the Twirler (Octopode Gladiator)               Turns: 4337, Time: 00:02:32

Health: -8/34      AC:  1    Str: 13    XL:     5   Next: 7%
Magic:  5/5        EV: 14    Int: 11    God:
Gold:   248        SH:  0    Dex: 14    Spells: 4/4 levels left

rFire    . . .     SeeInvis .   a - +0 quarterstaff
rCold    + . .     Faith    .   (shield currently unavailable)
rNeg     . . .     Spirit   .   b - +0 hat
rPois    .         Reflect  .   (no amulet)
rElec    .         Harm     .   d - ring of teleportation (curse)
rCorr    .         Rampage  .   k - ring of protection from cold
Will     .....     Rnd*Tele +   o - ring of attention (curse)
Stlth    +.........             (no ring)
HPRegen  0.11/turn              (no ring)
MPRegen  0.09/turn              (no ring)
                                (no ring)
                                (no ring)

@: no status effects
A: almost no armour, stealthy swim, amphibious, 8 rings, constrict 8, camouflage
1, gelatinous body 1
a: no special abilities


You were on level 4 of the Dungeon.
You visited 1 branch of the dungeon, and saw 4 of its levels.

You collected 248 gold pieces.

Inventory:

Hand Weapons
 a - a +0 quarterstaff (weapon)
Missiles
 c - 3 throwing nets (quivered)
Armour
 b - a +0 hat (worn)
Jewellery
 d - a cursed ring of teleportation (left tentacle)
 k - a ring of protection from cold (right tentacle)
 o - a cursed ring of attention (on tentacle)
Scrolls
 h - a scroll of remove curse {unknown}
 i - a scroll of identify {unknown}
 m - 2 scrolls of teleportation {unknown}
 n - a scroll of magic mapping {unknown}
 q - a scroll of enchant armour {unknown}
 r - a scroll of enchant weapon {unknown}
 s - a scroll of fog {unknown}
Potions
 e - 3 potions of attraction {unknown}
 f - 2 potions of brilliance {unknown}
 g - 2 potions of might {unknown}
 j - 2 potions of resistance {unknown}
 l - a potion of ambrosia {unknown}
 p - 2 potions of heal wounds {unknown}


   Skills:
 - Level 2.0 Fighting
 * Level 5.6 Staves
 - Level 2.0 Throwing
 - Level 3.0 Dodging


You had 4 spell levels left.
You didn't know any spells.
Your spell library was empty.

Dungeon Overview and Level Annotations

Branches:
Dungeon (4/15)
 Temple: D:4-7

Altars:
Nemelex Xobeh
Trog

Shops:
D:4 [

Annotations:
D:3 1 runed translucent door, Crazy Yiuf
D:4 Ijyb


Innate Abilities, Weirdness & Mutations

You cannot wear most types of armour.
You are very stealthy in the water. (Stealth+)
You are amphibious.
You can wear up to eight rings at the same time.
You can use your tentacles to constrict eight enemies at once.
Your skin changes colour to match your surroundings (Stealth+).
Your rubbery body absorbs attacks. (AC +1, EV +1)


Message History

You hit Ijyb but do no damage.
Ijyb is moderately wounded.
You constrict Ijyb. Ijyb closely misses you.
You hit Ijyb but do no damage.
Ijyb is heavily wounded.
You constrict Ijyb, but do no damage.
Ijyb zaps a wand.
The bolt of acid hits you!
You are splashed with acid!
* * * LOW HITPOINT WARNING * * *
You are too injured to fight recklessly!
You are too injured to fight recklessly!
You are too injured to fight recklessly!
You barely miss Ijyb. You squeeze Ijyb, but do no damage.
Ijyb is heavily wounded.
You constrict Ijyb, but do no damage. Ijyb barely misses you.
You hit Ijyb but do no damage. You squeeze Ijyb.
Ijyb is heavily wounded.
You constrict Ijyb.
Ijyb zaps a wand.
The bolt of acid misses you.
Ijyb zaps a wand.
The bolt of acid hits you!
Ouch! That really hurt!
You die...

#. #####+###....
#..#............
##.#............
...............
#.............
#.........# #[........#
#.........# #
#.....†..@####+#+#.#####
##.###+###g.....<.......
#.## .# #.†......######
#..# .# #........+
##g##.# #........#
###....###........#
###....8.......$....#
..........##.........#
#......8.∩.8..........#


You could see Ijyb.

Vanquished Creatures
  2 adders
  2 oozes
  4 worms
  3 leopard geckos (D:1)
  9 orcs
  A giant cockroach (D:1)
  4 goblins (D:1)
  6 hobgoblins
  9 jackals
  9 kobolds
  2 quokkas
  A ball python (D:1)
  6 bats
  3 frilled lizards
  12 rats
73 creatures vanquished.

Notes
Turn   | Place    | Note
-------+----------+-------------------------------------------
     0 | D:1      | Zeld the Octopode Gladiator began the quest for the Orb.
     0 | D:1      | Reached XP level 1. HP: 14/14 MP: 1/1
   516 | D:1      | Reached XP level 2. HP: 15/19 MP: 2/2
   640 | D:1      | Found a sparkling altar of Nemelex Xobeh.
   971 | D:1      | Reached skill level 4 in Staves
   976 | D:1      | Reached XP level 3. HP: 24/24 MP: 3/3
  2333 | D:2      | Found a bloodstained altar of Trog.
  2339 | D:2      | Reached XP level 4. HP: 27/29 MP: 4/4
  2647 | D:3      | Reached skill level 5 in Staves
  2785 | D:3      | Found a runed translucent door.
  2786 | D:3      | Noticed Crazy Yiuf
  4224 | D:4      | Noticed Ijyb
  4228 | D:4      | Found Wainypiff's Antique Armour Emporium.
  4298 | D:4      | Reached XP level 5. HP: 29/34 MP: 5/5
  4337 | D:4      | Killed from afar by Ijyb

Illustrated notes

Levels and vault maps discovered:
D:1:      giann_wishing_wells, layout_loops_corners,
          nemelex_xobeh_ov_fountains_minmay
D:2:      layout_basic, trog_butcher_becter
D:3:      layout_loops_ring, uniq_crazy_yiuf_cottage
D:4:      layout_basic, nicolae_overflow_crystal_walls, serial_shops,
          nicolae_shop_statue_plus, uniq_grinder, uniq_ijyb, uniq_edmund

Skill      XL: |  1  2  3  4 |
---------------+-------------+-----
Staves         | 4 5 |  5.6
Fighting       | |  2.0
Throwing       | |  2.0
Dodging        | |  3.0

Action                   |  1- 3 |  4- 6 || total
-------------------------+-------+-------++-------
Melee: Quarterstaff      |    70 |    76 ||   146
       Constrict         |    17 |    16 ||    33
       Tentacles         |    12 |    15 ||    27
Throw: Throwing net      |       |     1 ||     1
  Use: Scroll            |       |     1 ||     1
 Stab: Sleeping          |     6 |     5 ||    11
       Held in net/web   |       |     1 ||     1
Armor: Skin              |     3 |     5 ||     8
Dodge: Dodged            |    43 |    41 ||    84
